 Dungeon Crawl Stone Soup version 0.26.0-18-gc5c842f807 (webtiles) character file.

Game seed: 17938840610891687315

74 Flure the Chucker (level 4, -5/34 HPs)
             Began as a Formicid Hunter on Jan 23, 2021.
             Killed from afar by a white imp (9 damage)
             ... with a puff of frost
             ... summoned by Natasha
             ... on level 2 of the Dungeon.
             The game lasted 00:01:59 (2145 turns).

Flure the Chucker (Formicid Hunter)                 Turns: 2145, Time: 00:01:59

Health: -5/34      AC:  9    Str: 16    XL:     4   Next: 52%
Magic:  4/4        EV:  7    Int: 11    God:
Gold:   110        SH:  0    Dex: 12    Spells: 3/3 levels left

rFire    . . .     SeeInvis +   a - +0 short sword
rCold    . . .     Faith    .   (no shield)
rNeg     . . .     Spirit   .   h - +0 chain mail
rPois    .         Reflect  .   (helmet unavailable)
rElec    .         Harm     .   o - +0 cloak
rCorr    .         Rampage  .   (no gloves)
Will     .....                  (no boots)
Stlth    ..........             (no amulet)
HPRegen  0.11/turn              (no ring)
MPRegen  0.09/turn              (no ring)

@: no status effects
A: permanent stasis, dig shafts and tunnels, four strong arms, antennae 3
a: Dig, Shaft Self


You were on level 2 of the Dungeon.
You visited 1 branch of the dungeon, and saw 3 of its levels.

You collected 110 gold pieces.

Inventory:

Hand Weapons
 a - a +0 short sword (weapon)
Missiles
 c - 6 javelins (quivered)
 d - 2 throwing nets
 g - 44 sling bullets
Armour
 b - a +0 leather armour
 h - a +0 chain mail (worn)
 o - a +0 cloak (worn)
Jewellery
 l - a cursed -4 ring of protection {unknown}
 m - a cursed ring of teleportation
Scrolls
 e - 3 scrolls of teleportation {unknown}
 i - 5 scrolls of identify {unknown}
 k - a scroll of fog {unknown}
 n - a scroll of immolation {unknown}
Potions
 f - a potion of curing {unknown}
 j - 3 potions of lignification {unknown}
 p - a potion of degeneration {unknown}


   Skills:
 + Level 2.5 Fighting
 + Level 2.1 Short Blades
 + Level 4.3 Throwing
 + Level 1.9 Armour
 + Level 2.0 Dodging
 + Level 1.3 Stealth


You had 3 spell levels left.
You didn't know any spells.
Your spell library was empty.

Dungeon Overview and Level Annotations

Branches:
Dungeon (3/15)

Altars:
Ru

Annotations:
D:2 Natasha


Innate Abilities, Weirdness & Mutations

You cannot be hasted, slowed, berserked, paralysed or teleported.
You can dig through walls and to a lower floor.
Your four strong arms can wield two-handed weapons with a shield.
You have a pair of large antennae on your head. (SInv)


Message History

Natasha is severely wounded.
Natasha claws you but does no damage.
The white imp hits you but does no damage.
You closely miss Natasha.
Natasha is severely wounded.
Natasha claws you!
* * * LOW HITPOINT WARNING * * *
You closely miss Natasha.
Natasha is severely wounded.
The white imp closely misses you. Natasha claws you.
* * * LOW HITPOINT WARNING * * *
You closely miss Natasha.
Natasha is severely wounded.
The white imp hits you but does no damage.
Natasha barely misses you.
You closely miss Natasha.
Natasha is severely wounded.
The white imp gestures at you. The puff of frost hits you!
You die...

## #..........#####.....#..# .#
#..................#.#..# .#
####..........#####...#.#..# .#
#.....................#.#..#
.####.............#####.#.#.#..##
..................# #.#.#.#....
####..........)...# #.#.#.#..##
+.........#####h#.# #.#<#......
#####.....# ###5@.#####.#.#....#.
# #.....# #........†..#...#..#. #
#.....# #.##..########..#..#.
#.....# #.##.>.............#.
#.....# #.#############.#..#.
#.)...# #.....# #.#....
#############.# #.#.###
#....##.#### #.#.# #.##.##..>.#
#.#.#


You could see Natasha and a white imp (summoned).

Vanquished Creatures
  Natasha (D:2)
  An ufetubus (D:3)
  2 leopard geckos (D:1)
  4 giant cockroaches
  4 goblins
  6 hobgoblins
  A quokka (D:2)
  6 bats
  3 frilled lizards
  8 kobolds
  7 rats
43 creatures vanquished.

Notes
Turn   | Place    | Note
-------+----------+-------------------------------------------
     0 | D:1      | Flure the Formicid Hunter began the quest for the Orb.
     0 | D:1      | Reached XP level 1. HP: 16/16 MP: 1/1
   367 | D:1      | Reached XP level 2. HP: 18/22 MP: 2/2
   825 | D:1      | Reached XP level 3. HP: 25/27 MP: 3/3
   827 | D:1      | Reached skill level 1 in Short Blades
   931 | D:1      | Reached skill level 1 in Armour
  1434 | D:2      | Found a sacrificial altar of Ru.
  1617 | D:2      | Noticed Natasha
  1628 | D:2      | Killed Natasha
  1629 | D:2      | Reached XP level 4. HP: 24/34 MP: 4/4
  2136 | D:2      | Noticed Natasha
  2145 | D:2      | Killed from afar by a white imp

Illustrated notes

Levels and vault maps discovered:
D:1:      dpeg_arrival_signposts, layout_loops_ring, grunt_decor_fettered
D:2:      layout_basic, nicolae_ru_awakened_eye, uniq_natasha
D:3:      layout_rooms, grunt_temple_overflow_opulence

Skill      XL: |  1  2  3 |
---------------+----------+-----
Dodging        | 2 |  2.0
Short Blades   | 2 |  2.1
Armour         | 1 |  1.9
Fighting       | |  2.5
Throwing       | |  4.3
Stealth        | |  1.3

Action                   |  1- 3 |  4- 6 || total
-------------------------+-------+-------++-------
Melee: Short sword       |   147 |    48 ||   195
 Stab: Sleeping          |     1 |       ||     1
Armor: Leather armour    |    14 |       ||    14
       Chain mail        |    78 |    72 ||   150
Dodge: Dodged            |    71 |    35 ||   106
